[Event "Early-Titled-Tuesday-Blitz-April-23-2024"]
[Site "Chess.com"]
[Date "2024.04.23"]
[Round "5"]
[White "ReadySkate"]
[Black "Slovineanu"]
[Result "1-0"]
[WhiteElo "2655"]
[BlackElo "2497"]
[TimeControl "180+1"]
[EndTime "8:57:06 PDT"]
[Termination "ReadySkate won by resignation"]

1. d4 Nf6 2. c4 e6 3. Nc3 d5 4. cxd5 Nxd5 5. Bg5 Qxg5 6. Nf3 Qd8 7. e4 Nxc3 8. bxc3 c5 9. Bd3 cxd4 10. cxd4 Bb4+ 11.
Ke2 Nc6 12. h4 O-O 13. e5 h6 14. Bc2 Bc3 15. Qd3 f5 16. Qxc3 Qa5 17. Qxa5 Nxa5 18.
Rhc1 b6 19. Bb3 Nxb3 20. axb3 Bb7 21. Rc7 Rf7 22. Rac1 Bd5 23. b4 a5 24. bxa5 Rxc7 25.
Rxc7 bxa5 26. Rc3 a4 27. Ra3 Kf7 28. g3 Bxf3+ 29. Kxf3 g5 30. hxg5 hxg5 31. Ke3 Ke7 32. Kd3 Kd7 33. Kc4 Kc6 34. f3 Kb6 35. d5 exd5+ 36. Kxd5 Kb5 37. Ke6 f4 38. gxf4 gxf4 39. Kf5 Kb4 40. Ra1 Rf8+ 41. Kg6 a3 42. e6 Kb3 43. e7 Ra8 44. Kf7 Kb2 45. Re1 a2 46. e8=Q Rxe8 47. Kxe8 a1=Q 48. Rxa1 Kxa1 49. Ke7 Kb2 50. Ke6 Kc3 51. Ke5 Kc4 52. Kxf4 Kd5 53. Kf5 Kd6 54. Kf6 1-0

[Event "Early-Titled-Tuesday-Blitz-April-23-2024"]
[Site "Chess.com"]
[Date "2024.04.23"]
[Round "5"]
[White "ZachHKL"]
[Black "mortngabriel"]
[Result "1-0"]
[WhiteElo "2316"]
[BlackElo "2453"]
[TimeControl "180+1"]
[EndTime "8:57:06 PDT"]
[Termination "ZachHKL won by checkmate"]

1. c4 e5 2. g3 Nc6 3. Bg2 Bc5 4.
Nc3 a6 5. e3 d6 6. Nge2 Ba7 7.
O-O h5 8. d4 h4 9. Re1 hxg3 10.
hxg3 Qg5 11. dxe5 Qh5 12. Nf4 Qh2+ 13. Kf1 dxe5 14. Nfd5 Bb8 15. Qf3 Nh6 16. Nf6+ gxf6 17. Qxf6 Ng4 18. Qg7 Bf5 19. Rd1 Ne7 20. e4 Be6 21.
Bg5 Bxc4+ 22. Ke1 Qxg2 23. Qxh8+ Ng8 24. Qxg8# 1-0

[Event "Early-Titled-Tuesday-Blitz-April-23-2024"]
[Site "Chess.com"]
[Date "2024.04.23"]
[Round "5"]
[White "DamianoLew95"]
[Black "yobdc"]
[Result "0-1"]
[WhiteElo "2786"]
[BlackElo "2618"]
[TimeControl "180+1"]
[EndTime "8:57:07 PDT"]
[Termination "yobdc won by resignation"]

1. e4 c5 2. Nf3 a6 3. c3 e6 4. d4 d5 5. e5 Bd7 6. Bd3 Bb5 7. h4 Nc6 8. Na3 Bxd3 9. Qxd3 cxd4 10. cxd4 Nge7 11. h5 h6 12. g4 Nc8 13. Bd2 Qb6 14. Nc2 Qxb2 15. O-O Qb5 16. Qxb5 axb5 17. Rfb1 N8a7 18. a4 b4 19. Nxb4 Bxb4 20. Bxb4 Nxb4 21. Rxb4 O-O-O 22. a5 Rd7 23. a6 b5 24. Ne1 Rc7 25. Rb3 Rc4 26. Rf3 Rf8 27. Rf4 Kc7 28.
Nd3 Nc6 29. Nc5 Nxd4 30. a7 Ne2+ 31. Kh2 Nxf4 0-1

[Event "Early-Titled-Tuesday-Blitz-April-23-2024"]
[Site "Chess.com"]
[Date "2024.04.23"]
[Round "5"]
[White "Grandelicious"]
[Black "Martial2008"]
[Result "1-0"]
[WhiteElo "2901"]
[BlackElo "2681"]
[TimeControl "180+1"]
[EndTime "8:57:09 PDT"]
[Termination "Grandelicious won by resignation"]

1. Nf3 Nf6 2. c4 e6 3. e3 d5 4. b3 c5 5. Bb2 Nc6 6. cxd5 exd5 7. Be2 Bd6 8. O-O O-O 9. d4 Bg4 10. dxc5 Bxc5 11. Nc3 Bxf3 12. Bxf3 d4 13. Na4 Bb6 14. Nxb6 Qxb6 15. Bxd4 Nxd4 16. Qxd4 Qxd4 17. exd4 Rad8 18. Bxb7 Rxd4 19. Rfd1 Rfd8 20. Bf3 g6 21. Kf1 Rxd1+ 22. Rxd1 Rc8 23. Ke2 a5 24. Kd2 Kg7 25. Rc1 Rd8+ 26. Kc3 Rc8+ 27. Kb2 Rd8 28. Rc5 Rd2+ 29. Rc2 Rd4 30.
a4 Nd7 31. Kc3 Rd6 32. Rd2 Rxd2 33. Kxd2 Kf6 34. Kc3 Ke5 35. Kc4 Kd6 36. Kb5 Nc5 37. Kxa5 Nxb3+ 38. Kb6 Nc5 39. a5 Nd7+ 40. Kb5 Kc7 41.
a6 Kb8 42. Kc6 Nf6 43. Kd6 Ng8 44. Bd5 Ka7 45. Bxf7 Nh6 46. Be6 Kxa6 47. Ke5 Kb6 48. Kf6 Kc5 49. Kg5 Kd6 50. Kxh6 Kxe6 51. Kxh7 Kf7 52.
Kh6 Kf6 53. g4 Kf7 54. g5 Kf8 55. Kxg6 Kg8 56. Kh6 Kh8 57. g6 Kg8 58. g7 1-0

[Event "Early-Titled-Tuesday-Blitz-April-23-2024"]
[Site "Chess.com"]
[Date "2024.04.23"]
[Round "5"]
[White "GMKrikor"]
[Black "MagnusCarlsen"]
[Result "0-1"]
[WhiteElo "2892"]
[BlackElo "3216"]
[TimeControl "180+1"]
[EndTime "8:57:10 PDT"]
[Termination "MagnusCarlsen won by resignation"]

1. Nf3 b6 2. c4 Bb7 3. Nc3 Nf6 4. d4 e6 5. e3 d5 6. cxd5 exd5 7. Bb5+ c6 8. Bd3 Nbd7 9. O-O Be7 10. e4 dxe4 11. Nxe4 Nxe4 12. Bxe4 Nf6 13. Bc2 O-O 14. Re1 c5 15.
dxc5 Qxd1 16. Rxd1 Bxc5 17. Be3 Bxe3 18. fxe3 Rfe8 19.
Re1 Rad8 20. Rad1 Rxd1 21. Bxd1 Ng4 22. Bb3 Rxe3 23. Rd1 Kf8 24. Rd7 Bxf3 25. Rxf7+ Ke8 26. Rxf3 Rxf3 27. gxf3 Ne5 28. Bd1 Ke7 29. Be2 Ng6 30. Kf2 Nf4 31. Ba6 Kd6 32. Ke3 Ke5 33. Bc4 h5 34. b4 h4 35. a3 g5 36. a4 a5 37.
bxa5 bxa5 38. Bb5 Nd5+ 39. Kf2 Kd4 40. Bc6 Nf4 41. Bb7 Kd3 42. Bc6 Kd2 43. Bb5 Nd3+ 44.
Bxd3 Kxd3 45. f4 gxf4 46. Kf3 Kc3 47. Kg4 f3 48. Kxf3 Kb4 49. Kg4 Kxa4 50. Kxh4 Kb3 51. Kg5 a4 52. h4 a3 53. h5 a2 54. h6 a1=Q 55. h7 Qg7+ 0-1

[Event "Early-Titled-Tuesday-Blitz-April-23-2024"]
[Site "Chess.com"]
[Date "2024.04.23"]
[Round "5"]
[White "Maria_Elayza"]
[Black "stepanosinovsky"]
[Result "1-0"]
[WhiteElo "2171"]
[BlackElo "2377"]
[TimeControl "180+1"]
[EndTime "8:57:10 PDT"]
[Termination "Maria_Elayza won on time"]

1. d4 d5 2. Bf4 Nf6 3. e3 g6 4.
Nf3 Bg7 5. Be2 O-O 6. O-O b6 7. c4 e6 8. Nc3 Bb7 9. Rc1 a6 10.
cxd5 exd5 11. h3 Nc6 12. Ne5 Nxe5 13. Bxe5 Qe7 14. Na4 Rac8 15. Qb3 Rfd8 16. Bf3 Bf8 17. Rc3 Ne4 18. Bxe4 dxe4 19. Rfc1 Bd5 20. Qc2 b5 21. Nc5 c6 22. Nxa6 Ra8 23. Nc7 Rxa2 24. Nxd5 cxd5 25. Rc7 Rd7 26. Qb3 Ra7 27. Rxa7 Rxa7 28.
Qxd5 Rb7 29. Rc8 h6 30. Bd6 Rd7 31. Bxe7 Rxd5 32. Rxf8+ Kg7 33. Rd8 Rf5 34. Bf8+ Kf6 35. Rd6+ Kg5 36. Be7+ f6 37. Bxf6+ Rxf6 38. h4+ Kf5 39.
g4+ Kxg4 40. Rxf6 1-0

[Event "Early-Titled-Tuesday-Blitz-April-23-2024"]
[Site "Chess.com"]
[Date "2024.04.23"]
[Round "5"]
[White "Maxfan2008"]
[Black "CSB7"]
[Result "1-0"]
[WhiteElo "2610"]
[BlackElo "2800"]
[TimeControl "180+1"]
[EndTime "8:57:11 PDT"]
[Termination "Maxfan2008 won by resignation"]

1. d4 Nf6 2. c4 g6 3. Nc3 d5 4.
Nf3 Bg7 5. h4 dxc4 6. e4 c5 7.
d5 O-O 8. Bxc4 b5 9. Bxb5 Nxe4 10. Nxe4 Qa5+ 11. Nc3 Bxc3+ 12. bxc3 Qxb5 13. h5 Qc4 14. hxg6 fxg6 15. Rh4 Qxc3+ 16. Bd2 Qf6 17. Bg5 Qc3+ 18. Kf1 Bf5 19. Kg1 Nd7 20. Bxe7 Rfe8 21. d6 Qd3 22. Qc1 Qd5 23. Qh6 Qf7 24. Ng5 Qg7 25. Qxg7+ Kxg7 26.
Rxh7+ Kg8 27. f3 Rab8 28. Kf2 Rb2+ 29. Kg3 Rb1 30. Rxb1 Bxb1 31. Rh4 Bd3 32. Ra4 a6 33. Ne6 c4 34. Rxa6 c3 35. Rc6 c2 36. Nd4 Ne5 37.
Rc7 Ra8 38. Nxc2 Rxa2 39. Ne3 Bb5 40. Rc5 Nd3 41. Rxb5 1-0

[Event "Early-Titled-Tuesday-Blitz-April-23-2024"]
[Site "Chess.com"]
[Date "2024.04.23"]
[Round "5"]
[White "K_A_S_T_O_R"]
[Black "Tagir45"]
[Result "1-0"]
[WhiteElo "2853"]
[BlackElo "2657"]
[TimeControl "180+1"]
[EndTime "8:57:12 PDT"]
[Termination "K_A_S_T_O_R won on time"]

1. e4 c5 2. Nf3 d6 3. d4 cxd4 4. Nxd4 Nf6 5. Nc3 a6 6. Bg5 Nbd7 7. Bc4 Qb6 8. Bb3 e6 9. Bxf6 Nxf6 10. Qd2 Be7 11. O-O-O O-O 12. f4 Bd7 13. g4 Rfc8 14.
g5 Ne8 15. f5 Kh8 16. fxe6 fxe6 17. Bxe6 Bxe6 18. Nxe6 Qa5 19. Qd5 b5 20. Rd3 Nc7 21. Nxc7 Qxc7 22. a3 Qc5 23. h4 Rf8 24. Kb1 Rac8 25.
Qxc5 Rxc5 26. Nd5 Bd8 27. Ne3 Re5 28. Nf5 d5 29. Nd6 Bc7 30. Nb7 dxe4 31. Rd7 Bb6 32. Nd6 Kg8 33. Re1 e3 34. Kc1 e2 35. Kd2 Be3+ 36.
Kd3 Bc5 37. Nb7 Bb6 38. Rxe2 Rf3+ 39. Kd2 Be3+ 40. Ke1 1-0

[Event "Early-Titled-Tuesday-Blitz-April-23-2024"]
[Site "Chess.com"]
[Date "2024.04.23"]
[Round "5"]
[White "N_I_Chess"]
[Black "briesmas"]
[Result "0-1"]
[WhiteElo "2382"]
[BlackElo "2250"]
[TimeControl "180+1"]
[EndTime "8:57:12 PDT"]
[Termination "briesmas won on time"]

1. d4 Nf6 2. c4 c5 3. d5 b5 4. Nd2 g6 5. b3 Bg7 6. Bb2 O-O 7. e4 d6 8. Qc2 bxc4 9. Nxc4 e6 10.
dxe6 Bxe6 11. Nf3 Nc6 12. Be2 Nb4 13. Qb1 d5 14. exd5 Bf5 15. Qc1 Nc2+ 16. Kf1 Nxa1 17.
Qxa1 Re8 18. h3 Qxd5 19. Ne3 Qd6 20. Be5 Qe6 21. Bc4 Qe7 22. Kg1 Be6 23. Be2 Nh5 24. Bxg7 Nxg7 25. Kh2 Nf5 26. Ng4 Qd6+ 27. Nge5 f6 28. Rd1 Nd4 29. Nxd4 cxd4 30. f4 fxe5 31. Bf3 Bd5 0-1

[Event "Early-Titled-Tuesday-Blitz-April-23-2024"]
[Site "Chess.com"]
[Date "2024.04.23"]
[Round "5"]
[White "azikom"]
[Black "Alenzer"]
[Result "1-0"]
[WhiteElo "2691"]
[BlackElo "2216"]
[TimeControl "180+1"]
[EndTime "8:57:12 PDT"]
[Termination "azikom won by resignation"]

1. e4 c5 2. Nc3 e6 3. g3 Nc6 4. Bg2 d6 5. d3 Nf6 6. f4 Be7 7. Nh3 h6 8. O-O a6 9. Nf2 Qc7 10. Be3 b6 11. Ne2 Bb7 12. c3 O-O-O 13. d4 d5 14. e5 Nd7 15. Rc1 g5 16. Nd3 gxf4 17. Nexf4 c4 18. Nf2 h5 19. Nxh5 Rdg8 20. Nh3 Rh7 21.
Rc2 Rgh8 22. N3f4 Bg5 23. Re1 Bxf4 24. Nxf4 Rxh2 25. Qf3 Ndxe5 26. dxe5 Nxe5 27. Qd1 Nd3 28. Bd4 e5 29. Nxd3 exd4 30. Nf4 d3 31. Rf2 d4 32.
Bxb7+ Qxb7 33. Rxh2 Rxh2 34. Kxh2 dxc3 35. bxc3 1-0

[Event "Early-Titled-Tuesday-Blitz-April-23-2024"]
[Site "Chess.com"]
[Date "2024.04.23"]
[Round "5"]
[White "eljanov"]
[Black "wadsy27"]
[Result "1-0"]
[WhiteElo "2903"]
[BlackElo "2632"]
[TimeControl "180+1"]
[EndTime "8:57:13 PDT"]
[Termination "eljanov won by resignation"]

1. d4 Nf6 2. Bf4 c5 3. e3 Qb6 4. Nc3 d6 5. a3 Nbd7 6. Nf3 g6 7. h3 Bg7 8. Be2 O-O 9. O-O a6 10. Qd2 Qc7 11. a4 b6 12. d5 Bb7 13. e4 b5 14.
axb5 axb5 15. Bxb5 Qb6 16. Qe2 Rxa1 17. Rxa1 Ra8 18.
Rxa8+ Bxa8 19. Qc4 Nh5 20. Bd2 Ne5 21. Nxe5 Bxe5 22. Qa4 Bb7 23. b3 Nf6 24. Bd3 e6 25. dxe6 fxe6 26. Ne2 Bc6 27. Qa2 Nxe4 28. Be3 Nc3 29.
Nxc3 Bxc3 30. b4 Bd5 31. Bc4 Bxc4 32. Qxc4 d5 33. Qxc3 d4 34. Qxc5 Qxc5 35. bxc5 dxe3 36. fxe3 1-0

[Event "Early-Titled-Tuesday-Blitz-April-23-2024"]
[Site "Chess.com"]
[Date "2024.04.23"]
[Round "5"]
[White "sergoy"]
[Black "Hamisandwich"]
[Result "1-0"]
[WhiteElo "2924"]
[BlackElo "2720"]
[TimeControl "180+1"]
[EndTime "8:57:13 PDT"]
[Termination "sergoy won by resignation"]

1. d4 Nf6 2. c4 c5 3. d5 b5 4. cxb5 a6 5. e3 g6 6. Nc3 Bg7 7. Nf3 O-O 8. h3 Bb7 9. e4 e6 10. dxe6 dxe6 11. Qxd8 Rxd8 12. e5 Ne4 13. Nxe4 Bxe4 14.
Bg5 Rd7 15. Nd2 Bd3 16. Bxd3 Rxd3 17. Ke2 Rd5 18. f4 axb5 19. Ne4 Nc6 20. Rhd1 Nd4+ 21. Kf2 c4 22. Rd2 h6 23. Bf6 Nc6 24. Rxd5 exd5 25. Nc3 Nb4 26. Bxg7 Kxg7 27. Nxb5 Rb8 28. a4 Nd3+ 29.
Ke3 Nxb2 30. Nc3 Nd3 31. Nxd5 Rb3 32. Kd4 Rb2 33. a5 Nb4 34. Nxb4 Rxb4 35. a6 1-0

[Event "Early-Titled-Tuesday-Blitz-April-23-2024"]
[Site "Chess.com"]
[Date "2024.04.23"]
[Round "5"]
[White "snowlord"]
[Black "IwkooO"]
[Result "1-0"]
[WhiteElo "2914"]
[BlackElo "2692"]
[TimeControl "180+1"]
[EndTime "8:57:13 PDT"]
[Termination "snowlord won by resignation"]

1. c4 e5 2. g3 Nf6 3. Bg2 Nc6 4. Nc3 Bc5 5. d3 h6 6. a3 a5 7. e3 d6 8. Nge2 O-O 9. O-O Bf5 10. h3 Re8 11.
Qc2 Qd7 12. Kh2 Ba7 13. Rb1 Rab8 14. b4 axb4 15. axb4 Ne7 16. Ra1 Bb6 17. Na4 Ba7 18.
Nb2 Nc8 19. e4 Bh7 20. f4 c6 21. c5 Ra8 22. fxe5 dxe5 23. Nc4 Qc7 24. Bxh6 Ng4+ 25. hxg4 gxh6 26. Qd2 Re6 27. g5 b5 28.
Ne3 hxg5 29. Bh3 Rg6 30. Kg2 Ne7 31. Bg4 Rg7 32. Nf5 Bxf5 33. Bxf5 Rd8 34. Qe3 Bb8 35.
g4 Rg6 36. Rf3 Kg7 37. Rh1 Rh8 38. Rxh8 Kxh8 39. Bxg6 Nxg6 40. Qxg5 Qd7 41. Ng3 Nf4+ 42. Rxf4 exf4 43. Qf6+ Kg8 44. Nf5 1-0

[Event "Early-Titled-Tuesday-Blitz-April-23-2024"]
[Site "Chess.com"]
[Date "2024.04.23"]
[Round "5"]
[White "cthulhuuu"]
[Black "ChristianArca"]
[Result "0-1"]
[WhiteElo "2482"]
[BlackElo "2638"]
[TimeControl "180+1"]
[EndTime "8:57:13 PDT"]
[Termination "ChristianArca won by checkmate"]

1. e4 c6 2. d3 d5 3. Nd2 e5 4.
Ngf3 Bd6 5. d4 exd4 6. exd5 Nf6 7. dxc6 Nxc6 8. Nb3 Bb4+ 9. Bd2 Bxd2+ 10. Qxd2 O-O 11.
O-O-O Bg4 12. Bd3 Rc8 13. Kb1 Qb6 14. Rhe1 a5 15. a3 a4 16. Nc1 Nd5 17. Ka1 Qc5 18.
Na2 h6 19. h3 Bxf3 20. gxf3 b5 21. Be4 Rfd8 22. Rg1 Rd6 23. Bxd5 Qxd5 24. Nc3 Qxf3 25.
Nxb5 Rd5 26. Nc3 dxc3 27. Qxd5 cxb2+ 28. Ka2 b1=Q+ 29. Kxb1 Qxa3 30. Rd3 Rb8+ 31. Rb3 axb3 32. Qxc6 bxc2+ 33. Kxc2 Rb2+ 34. Kd1 Qd3+ 35. Kc1 Rb1# 0-1

[Event "Early-Titled-Tuesday-Blitz-April-23-2024"]
[Site "Chess.com"]
[Date "2024.04.23"]
[Round "5"]
[White "kidagent"]
[Black "SharapovEvgeny"]
[Result "1/2-1/2"]
[WhiteElo "2345"]
[BlackElo "2623"]
[TimeControl "180+1"]
[EndTime "8:57:13 PDT"]
[Termination "Game drawn - insufficient material"]

1. e4 c5 2. Nf3 d6 3. d4 cxd4 4. Nxd4 Nf6 5. Nc3 Nc6 6. Be3 Ng4 7. Nxc6 Nxe3 8. Nxd8 Nxd1 9. Rxd1 Kxd8 10. Bc4 e6 11.
O-O a6 12. a4 Kc7 13. a5 Bd7 14. Rd2 Be7 15. Rfd1 Bc6 16. g3 Rhd8 17. Bb3 Bf6 18. f3 Rac8 19. Kf2 g6 20. Rd3 Rd7 21. R1d2 Rcd8 22.
Nd1 d5 23. exd5 Bxd5 24. Bxd5 Rxd5 25. Rxd5 Rxd5 26. Rxd5 exd5 27. c3 Kd6 28. b4 Ke5 29. Ke3 h5 30. Nb2 d4+ 31. cxd4+ Kd5 32. Kd3 Bxd4 33.
Nc4 Bg1 34. h3 Kc6 35. Ne5+ Kb5 36. Kc3 Bh2 37. Nxf7 Bxg3 38. Kb3 Kc6 39. Kc4 Kd7 40. Ng5 Bd6 41. Ne4 Be7 42. b5 axb5+ 43. Kxb5 Kc7 44.
Nc3 Bh4 45. Nd5+ Kd6 46. Nf4 Be1 47. Nxg6 Ke6 48. Nf4+ Kf5 49. Nxh5 Kg5 50. Ng7 Kf4 51. Ne6+ Kxf3 52. Nd8 Bxa5 53. Kxa5 Kg3 54. Nxb7 Kxh3 1/2-1/2

[Event "Early-Titled-Tuesday-Blitz-April-23-2024"]
[Site "Chess.com"]
[Date "2024.04.23"]
[Round "5"]
[White "amylazy"]
[Black "RandomNoob04"]
[Result "0-1"]
[WhiteElo "2451"]
[BlackElo "2661"]
[TimeControl "180+1"]
[EndTime "8:57:14 PDT"]
[Termination "RandomNoob04 won by checkmate"]

1. d4 Nf6 2. Nf3 c5 3. d5 b5 4. Bg5 Qb6 5. Bxf6 Qxf6 6. c3 Qb6 7. e4 d6 8. Bd3 g6 9. O-O Bg7 10. Nbd2 O-O 11. h3 a5 12. Re1 b4 13. Nc4 Qc7 14. e5 Nd7 15. e6 fxe6 16. Rxe6 Ne5 17. Ncxe5 Bxe6 18. dxe6 dxe5 19. Ng5 Rad8 20. Qe2 bxc3 21. bxc3 e4 22. Bxe4 Bxc3 23. Rf1 Qf4 24. Nf7 Rd2 25. Qc4 Bd4 26. Bd3 Rxf2 27. Kh1 Rxf1+ 28.
Bxf1 Qf2 29. Kh2 Kg7 30. Qd3 Qf4+ 31. g3 Qf2+ 32. Bg2 Qg1# 0-1

[Event "Early-Titled-Tuesday-Blitz-April-23-2024"]
[Site "Chess.com"]
[Date "2024.04.23"]
[Round "5"]
[White "Sofia_Blokhin"]
[Black "SmirnovTimofey2000"]
[Result "1-0"]
[WhiteElo "2244"]
[BlackElo "1976"]
[TimeControl "180+1"]
[EndTime "8:57:15 PDT"]
[Termination "Sofia_Blokhin won on time"]

1. d4 d5 2. c4 c6 3. Nc3 Nf6 4. Nf3 e6 5. e3 a6 6. cxd5 exd5 7. Bd3 Bd6 8. O-O O-O 9. Ne5 Nbd7 10. f4 c5 11. Qf3 c4 12. Bc2 Nb6 13. h3 Re8 14. g4 Nfd7 15. g5 Bxe5 16. dxe5 Nc5 17. Rd1 Qd7 18. Kh2 Rd8 19. f5 Nd3 20. Rxd3 cxd3 21. Bxd3 Nc4 22. Qg3 Re8 23. Bxc4 dxc4 24. e4 Qd3 25. Be3 b5 26. Rd1 Qc2+ 27. Rd2 Qc1 28. f6 Bb7 29. fxg7 Rad8 30. Rxd8 1-0

[Event "Early-Titled-Tuesday-Blitz-April-23-2024"]
[Site "Chess.com"]
[Date "2024.04.23"]
[Round "5"]
[White "Pasmendjambvirgulptipon98"]
[Black "ChainedDowntohell"]
[Result "0-1"]
[WhiteElo "2348"]
[BlackElo "2578"]
[TimeControl "180+1"]
[EndTime "8:57:16 PDT"]
[Termination "ChainedDowntohell won by resignation"]

1. c4 b6 2. Nc3 Bb7 3. Nf3 c5 4. e3 Nf6 5. Be2 e6 6. O-O d5 7.
cxd5 Nxd5 8. a3 Nxc3 9. bxc3 Nd7 10. d4 Be7 11. Bd3 O-O 12. a4 Qc7 13. Ba3 Nf6 14.
Re1 Rfd8 15. Rc1 h6 16. Qc2 Rac8 17. Qb1 Bxf3 18. gxf3 Qc6 19. e4 Qxa4 20. Qb2 Qd7 21. Bb5 Qc7 22. Qa2 Qf4 23. Kg2 Nh5 24. Bf1 Qh4 25. Kh1 Bg5 26. Ra1 Bf4 27. h3 cxd4 28. cxd4 Rxd4 29. Qb2 Rd2 30. Rac1 Rxc1 31. Qxc1 Qxf2 32.
Qc8+ Kh7 33. Be2 Qxe1+ 0-1

[Event "Early-Titled-Tuesday-Blitz-April-23-2024"]
[Site "Chess.com"]
[Date "2024.04.23"]
[Round "5"]
[White "WiktoriaPOL"]
[Black "frequentblunders"]
[Result "0-1"]
[WhiteElo "2388"]
[BlackElo "2219"]
[TimeControl "180+1"]
[EndTime "8:57:16 PDT"]
[Termination "frequentblunders won by resignation"]

1. c4 e6 2. Nc3 d5 3. d4 Nf6 4.
cxd5 exd5 5. Bg5 Be7 6. e3 O-O 7. Qc2 h6 8. Bh4 c6 9. Bd3 b5 10. Nge2 a5 11. O-O a4 12. f3 a3 13. b3 Na6 14. Qd2 Nb4 15. Bb1 Re8 16. e4 Nxe4 17.
fxe4 Bxh4 18. e5 Bg5 19. Qe1 c5 20. Nxb5 Ba6 21. Nd6 Bxe2 22. Qxe2 Qxd6 23. exd6 Rxe2 24. dxc5 Be3+ 25. Kh1 Bd4 26. Bf5 Bxa1 27. Rxa1 Rxa2 28.
Re1 Nc2 29. d7 Nxe1 30. c6 Nd3 31. g3 Rc2 32. Bxd3 Rxc6 33. Bb5 Rd6 0-1

[Event "Early-Titled-Tuesday-Blitz-April-23-2024"]
[Site "Chess.com"]
[Date "2024.04.23"]
[Round "5"]
[White "Zurability"]
[Black "rasmussvane"]
[Result "0-1"]
[WhiteElo "2735"]
[BlackElo "2966"]
[TimeControl "180+1"]
[EndTime "8:57:17 PDT"]
[Termination "rasmussvane won by checkmate"]

1. Nf3 d5 2. g3 Nd7 3. d4 Nb6 4.
Bg2 Nf6 5. Nc3 Bf5 6. Nh4 Bg4 7. h3 Bh5 8. f4 e6 9. Qd3 c6 10. O-O Bb4 11. g4 Bg6 12. f5 exf5 13. Nxf5 Bxf5 14. Qxf5 Qd7 15. Qd3 O-O 16. Bg5 Be7 17. e4 Nxe4 18.
Bxe7 Qxe7 19. Nxe4 dxe4 20. Qxe4 Qb4 21. Rab1 Rae8 22.
Qd3 Re7 23. c3 Qd6 24. Rbe1 Rfe8 25. Rxe7 Rxe7 26. b3 g6 27. Qd2 Kg7 28. Re1 Rxe1+ 29. Qxe1 Qf4 30. Kh1 Nd7 31. Qe7 Nf6 32. Qxb7 h5 33.
gxh5 Nxh5 34. Qxc6 Ng3+ 35. Kg1 Ne2+ 36. Kh1 Qc1+ 37.
Kh2 Qg1# 0-1

[Event "Early-Titled-Tuesday-Blitz-April-23-2024"]
[Site "Chess.com"]
[Date "2024.04.23"]
[Round "5"]
[White "FXDon77"]
[Black "czechbul17"]
[Result "1-0"]
[WhiteElo "2842"]
[BlackElo "2066"]
[TimeControl "180+1"]
[EndTime "8:57:17 PDT"]
[Termination "FXDon77 won by resignation"]

1. e4 e5 2. Nf3 d5 3. d3 dxe4 4. dxe4 Qxd1+ 5. Kxd1 Nc6 6. c3 Bc5 7. Bb5 Bd7 8. Ke2 Nf6 9. Nbd2 a6 10. Bd3 O-O 11.
Nc4 Rfe8 12. Be3 Bxe3 13. Nxe3 Be6 14. Ng5 Rad8 15. Nxe6 Rxe6 16. f3 Red6 17. Rhd1 g6 18. Bc2 Kf8 19. a4 Rxd1 20. Nxd1 Nh5 21. g3 Ng7 22. Ne3 Ne6 23. a5 h5 24. h4 Rd7 25.
b4 Kg7 26. Ba4 Kf6 27. Nd5+ Kg7 28. Rd1 Rd6 29. Nxc7 Ncd4+ 30. cxd4 Nxc7 31. dxe5 Re6 32. Rd7 Ne8 33. f4 b5 34. Bb3 Rc6 35. Bxf7 Nc7 36. Bd5+ 1-0

[Event "Early-Titled-Tuesday-Blitz-April-23-2024"]
[Site "Chess.com"]
[Date "2024.04.23"]
[Round "5"]
[White "DonkyDonkyDonkey"]
[Black "Incognito_Knight"]
[Result "0-1"]
[WhiteElo "2923"]
[BlackElo "2747"]
[TimeControl "180+1"]
[EndTime "8:57:18 PDT"]
[Termination "Incognito_Knight won by resignation"]

1. e4 c5 2. Nf3 e6 3. c3 d5 4. e5 d4 5. d3 Nc6 6. g3 Nge7 7. Bg2 Ng6 8. Qe2 Be7 9. h4 O-O 10. h5 Nh8 11. h6 g6 12. Nbd2 f6 13. exf6 Bxf6 14.
Ne4 Be7 15. Bf4 Nf7 16. O-O-O e5 17. Bd2 Be6 18. Kb1 dxc3 19. Bxc3 Nd4 20. Bxd4 cxd4 21. Ned2 Qa5 22. Nc4 Bxc4 23. dxc4 Bf6 24. Nd2 Nd6 25. f4 Rae8 26. Bd5+ Kh8 27. fxe5 Bxe5 28. Qd3 Nf5 29. Rdf1 Ne3 30. Rxf8+ Rxf8 31. Nb3 Qb6 32. Qe4 Qf6 33. Nd2 b6 34. a3 Bxg3 35. Nb3 Be5 36. Ka2 Qf5 37. Qh4 Nxd5 38. cxd5 Bf6 39. Qg3 Qxd5 40. Qd3 Qxh1 0-1

[Event "Early-Titled-Tuesday-Blitz-April-23-2024"]
[Site "Chess.com"]
[Date "2024.04.23"]
[Round "5"]
[White "Andrey_Klymchuk"]
[Black "Fandorine"]
[Result "0-1"]
[WhiteElo "2688"]
[BlackElo "2911"]
[TimeControl "180+1"]
[EndTime "8:57:18 PDT"]
[Termination "Fandorine won by resignation"]

1. e4 c5 2. Nf3 e6 3. g3 d5 4.
exd5 exd5 5. Bg2 Qe7+ 6. Kf1 Nc6 7.
d4 Nf6 8. Nc3 Be6 9. Bf4 O-O-O 10. Qd3 c4 11. Qe3 Bf5 12. Ne5 Bxc2 13. b3 Qe6 14. Rc1 Bf5 15. bxc4 dxc4 16. d5 Nxd5 17.
Nxd5 Rxd5 18. Nxc6 bxc6 19. Qxa7 Bd6 20. Qa8+ Kd7 21. Qb7+ Kd8 22. Qxc6 Bxf4 23. Qa8+ Ke7 24. Qb7+ Rd7 25. Qb4+ Bd6 26. Qc3 Be5 27. Qb4+ Qd6 28.
Qxc4 Bd3+ 0-1

[Event "Early-Titled-Tuesday-Blitz-April-23-2024"]
[Site "Chess.com"]
[Date "2024.04.23"]
[Round "5"]
[White "Aleksandar-Topalov"]
[Black "Evan_Attaker"]
[Result "1/2-1/2"]
[WhiteElo "2382"]
[BlackElo "2577"]
[TimeControl "180+1"]
[EndTime "8:57:19 PDT"]
[Termination "Game drawn by repetition"]

1. b3 Nf6 2. Bb2 c5 3. c4 Nc6 4. e3 g6 5. Bxf6 exf6 6. Nc3 Bg7 7. g3 O-O 8. Bg2 h5 9. Nge2 d6 10. O-O Bg4 11. h3 Bf5 12. a3 Qd7 13. Nf4 g5 14.
Nxh5 Bxh3 15. Nd5 Qe6 16. d4 cxd4 17. exd4 Bxg2 18. Kxg2 Qe4+ 19. f3 Qxd4 20. Ne7+ Kh8 21. Qxd4 Nxd4 22. Rh1 Bh6 23. Nxf6 Kg7 24. Ng4 Rh8 25.
Rad1 Rae8 26. Rxd4 Rxe7 27. Rxd6 Re2+ 28. Kf1 Rb2 29. Nxh6 Rb1+ 30. Kg2 Rb2+ 31. Kg1 Rb1+ 32. Kg2 Rb2+ 33. Kf1 Rb1+ 34. Kg2 1/2-1/2

[Event "Early-Titled-Tuesday-Blitz-April-23-2024"]
[Site "Chess.com"]
[Date "2024.04.23"]
[Round "5"]
[White "Moultino06"]
[Black "Fh2411"]
[Result "1-0"]
[WhiteElo "2758"]
[BlackElo "2565"]
[TimeControl "180+1"]
[EndTime "8:57:22 PDT"]
[Termination "Moultino06 won on time"]

1. d4 d5 2. Nc3 Nf6 3. Bf4 c6 4.
e3 Bf5 5. Nf3 e6 6. Ne5 h6 7. g4 Bh7 8. h4 Nfd7 9. Nf3 a6 10.
h5 Bb4 11. a3 Be7 12. Bd3 Bxd3 13. Qxd3 c5 14. e4 cxd4 15. Qxd4 Nc6 16. Qd2 d4 17. Nxd4 e5 18. Nxc6 bxc6 19. Be3 Qa5 20. O-O-O Nf6 21. Kb1 Rb8 22. Nd5 Qxa3 23. Nxf6+ gxf6 24. c3 Rb7 25. f3 1-0

[Event "Early-Titled-Tuesday-Blitz-April-23-2024"]
[Site "Chess.com"]
[Date "2024.04.23"]
[Round "5"]
[White "AlexanderKing"]
[Black "Attacker88"]
[Result "0-1"]
[WhiteElo "2573"]
[BlackElo "2393"]
[TimeControl "180+1"]
[EndTime "8:57:24 PDT"]
[Termination "Attacker88 won on time"]

1. g3 c5 2. Bg2 Nc6 3. Nf3 g6 4. O-O Bg7 5. c4 d6 6. Nc3 e5 7. a3 Nge7 8. Rb1 a5 9. Ne1 Be6 10. Nd5 O-O 11. Nc2 Rb8 12. b4 axb4 13. axb4 b5 14.
bxc5 bxc4 15. Rxb8 Qxb8 16. Nxe7+ Nxe7 17. cxd6 Qxd6 18.
Ba3 Qd7 19. Ne3 Rd8 20. Qc2 Nc6 21. Nxc4 Nd4 22. Qd3 Qb5 23. Rc1 Rc8 24. Nxe5 Rxc1+ 25. Bxc1 Nxe2+ 26. Kf1 Qxe5 27. Qxe2 Qa1 28. Qe1 Bb2 29. Bxb2 Bc4+ 0-1